 Dungeon Crawl Stone Soup version 0.21.1-1-g345015fe64 (webtiles) character file.

40394 Salt the Severer (level 13, -2/122 HPs)
             Began as a Minotaur Berserker on June 28, 2018.
             Was a High Priest of Trog.
             Slain by a hippogriff (7 damage)
             ... on level 15 of the Dungeon.
             The game lasted 00:27:11 (16789 turns).

Salt the Severer (Minotaur Berserker)              Turns: 16789, Time: 00:27:12

Health: -2/122     AC: 14    Str: 27    XL:     13   Next: 74%
Magic:  10/10      EV: 10    Int:  2    God:    Trog [*****.]
Gold:   922        SH:  0    Dex: 10    Spells: 12/12 levels left

rFire    . . .     SeeInvis .   Q - +9 great mace (holy)
rCold    + . .     Gourm    .   (shield currently unavailable)
rNeg     + . .     Faith    .   t - +1 chain mail
rPois    .         Spirit   .   (helmet restricted)
rElec    .         Reflect  .   L - scarf {repulsion}
rCorr    .         Harm     .   (no gloves)
MR       .....                  (no boots)
Stlth    ..........             (no amulet)
HPRegen  0.30/turn              V - +4 ring of protection
MPRegen  0.12/turn              X - ring of positive energy

@: about to teleport, barbed spikes, contaminated, glowing, repel missiles
A: retaliatory headbutt, horns 2, talons 1, cold resistance 1, deformed body,
dopey 1, low mp 1
a: Berserk, Trog's Hand, Brothers in Arms, Burn Spellbooks, Renounce Religion


You were on level 15 of the Dungeon.
You worshipped Trog.
Trog was extremely pleased with you.
You were hungry.

You visited 1 branch of the dungeon, and saw 15 of its levels.

You collected 1106 gold pieces.
You spent 184 gold pieces at shops.

Inventory:

Hand Weapons
 a - a +4 great mace of protection
 o - a +2 battleaxe of chopping
 M - a +4 battleaxe of freezing
 O - the +7 hand axe of the Toadstool {freeze, *Contam rF++ MR+ Int+3}
   (You bought it in a shop on level 9 of the Dungeon)

   It has been specially enchanted to freeze those struck by it, causing extra
   injury to most foes and up to half again as much damage against particularly
   susceptible opponents.
   It can also slow down cold-blooded creatures.
   It affects your intelligence (+3).
   It greatly protects you from fire.
   It affects your resistance to hostile enchantments.
   It causes magical contamination when unequipped.
 Q - a +9 great mace of holy wrath (weapon)
 Y - a +4 antimagic battleaxe
Armour
 t - a +1 chain mail (worn)
 L - a scarf of repulsion (worn)
Jewellery
 b - an uncursed ring of positive energy
 u - an uncursed ring of flight
 z - an uncursed ring of see invisible
 V - a +4 ring of protection (left hand)
 X - a ring of positive energy (right hand)
Wands
 y - a wand of iceblast (5)
 A - a wand of flame (66)
 F - a wand of enslavement (15)
 G - a wand of polymorph (39)
 J - a wand of disintegration (22)
 N - a wand of paralysis (15)
 T - a wand of random effects (27)
 U - a wand of acid (6)
Scrolls
 d - a scroll of torment {unknown}
 e - 2 scrolls of magic mapping
 h - 3 scrolls of blinking
 j - 5 scrolls of identify
 k - 3 scrolls of enchant weapon
 p - 6 scrolls of teleportation
 r - 3 scrolls of amnesia
 w - 8 scrolls of remove curse
 B - 2 scrolls of holy word
 I - a scroll of summoning
 S - a scroll of noise {unknown}
 W - 2 scrolls of vulnerability {unknown}
 Z - a scroll of enchant armour
Potions
 f - 6 potions of haste
 g - 4 potions of mutation {unknown}
 i - 2 potions of cancellation {unknown}
 l - a potion of resistance {unknown}
 m - a potion of invisibility
 n - 11 potions of degeneration {unknown}
 q - 8 potions of curing
 s - 2 potions of brilliance {unknown}
 v - 2 potions of agility
 x - 3 potions of berserk rage {unknown}
 C - a potion of flight {unknown}
 D - 8 potions of heal wounds {unknown}
 E - 2 potions of might {unknown}
 H - 2 potions of lignification {unknown}
 P - a potion of ambrosia {unknown}
Comestibles
 c - 25 rations
 K - 9 chunks of flesh


   Skills:
 + Level 13.1 Fighting
 * Level 18.8(19.2) Axes
 + Level 7.4(14.3) Maces & Flails
 + Level 13.9 Armour
 - Level 2.4 Dodging
 + Level 0.4 Unarmed Combat


You had 12 spell levels left.
You didn't know any spells.

Dungeon Overview and Level Annotations

Branches:
Dungeon (15/15)            Temple (0/1) D:5            Lair (0/6) D:8
    Orc (0/2) D:12         Vaults (0/5) D:13         Depths (0/5) D:15

Altars:
Ashenzari
Fedhas
Qazlal
Ru
Sif Muna
Trog
Uskayaw
The Shining One

Shops:
D:4 [   D:7 }   D:9 (   D:12 *

Portals:
Trove: D:12 (give 6 potions of agility)


Innate Abilities, Weirdness & Mutations

You reflexively headbutt those who attack you in melee.
You have a pair of horns on your head.
You have sharp toenails.
Your flesh is cold resistant. (rC+)
Armour fits poorly on your strangely shaped body.
You are dopey. (Int -2)
Your magical capacity is low. (-10% MP)


Message History

You feel stupid.
A basilisk and a hippogriff come into view.
As you read the scroll of teleportation, it crumbles to dust.
You feel strangely unstable.
The basilisk hisses angrily.
The manticore bites you but does no damage.
The manticore closely misses you. The manticore claws you.
* * * LOW HITPOINT WARNING * * *
Your deep troll goes berserk!
You are feeling hungry.
The wyvern barely misses you.
The manticore bites you but does no damage.
The manticore claws you!
* * * LOW HITPOINT WARNING * * *
The manticore claws you.
* * * LOW HITPOINT WARNING * * *
Some of the chunks of flesh in your inventory have rotted away.
The wyvern closely misses you.
Your deep troll misses the wyvern.
Your deep troll claws the wyvern. x2; The hippogriff bites you!
You die...

#####..#...# #####.#...#
## #.....#...# #####.#
#..#.#.#.## .......
#.#...#...# .......
##.....#..## ....l..
...#..>#..## .......
###.####...######l......
⌠..#.....#......@HT.....
.....############H......
...#.# #.####. #.#..# .#
.[...# # .##### .# .###
.....


You could see a manticore, a hippogriff, a basilisk, a wyvern and a friendly
deep troll (berserk).

Vanquished Creatures
  Rupert (D:14)
  An ettin (D:15)
  Erolcha (D:9)
  4 hydras (D:15)
  A centaur warrior (D:14)
  2 dancing weapons (D:13)
  3 two-headed ogres
  An ogre mage (D:15)
  A tengu warrior (D:15)
  Nergalle (D:12)
  A deep troll (D:15)
  An orc knight (D:15)
  Pikel (D:5)
  A manticore (D:12)
  5 ugly things
  2 cyclopes
  3 slime creatures
  The ghost of imnir the Cudgeler, a novice HOFi (D:4)
  A gargoyle (D:11)
  6 trolls
  Grinder (D:3)
  A hornet (shapeshifter) (D:14)
  A harpy skeleton (D:15)
  Prince Ribbit (D:5)
  6 hippogriffs
  20 yaks
  7 wyverns
  7 basilisks
  3 hungry ghosts
  Eustachio (D:5)
  6 vampire mosquitoes (D:13)
  2 soldier ants
  Duvessa (D:7)
  2 water moccasins (D:9)
  7 orc warriors
  4 porcupines (D:8)
  4 sky beasts
  8 ice beasts
  2 black bears
  3 phantoms
  10 ogres
  8 centaurs
  A necrophage (D:10)
  2 crocodiles (D:8)
  6 bullfrogs
  2 big kobolds
  Blork the orc (D:6)
  A gnoll sergeant (D:10)
  Dowan (D:7)
  A water moccasin zombie (D:12)
  2 wyvern skeletons
  5 scorpions
  5 killer bees (D:9)
  8 wights
  5 howler monkeys
  A centaur zombie (D:6)
  4 crimson imps
  6 bullfrog zombies
  A quasit (D:8)
  7 jellies
  13 orc priests
  6 hounds
  15 orc wizards
  3 bullfrog skeletons
  9 centaur skeletons
  6 iguanas
  Natasha (twice) (D:3)
  9 worker ants
  Terence (D:3)
  2 hound skeletons
  A howler monkey zombie (D:10)
  2 worker ant zombies
  3 gnolls (D:5)
  14 adders
  3 shadow imps
  3 white imps (D:8)
  2 worker ant simulacra (D:8)
  2 oozes
  3 adder skeletons
  4 worms
  8 dart slugs
  6 leopard geckos
  60 orcs
  3 ball pythons
  4 giant cockroaches
  9 goblins
  8 hobgoblins
  17 jackals
  15 kobolds
  9 quokkas
  13 bats
  5 frilled lizards
  A jackal simulacrum (D:8)
  A leopard gecko skeleton (D:4)
  2 leopard gecko zombies
  2 quokka skeletons
  9 rats
477 creatures vanquished.

Vanquished Creatures (collateral kills)
  A catoblepas (D:10)
  A centaur warrior (D:15)
  2 two-headed ogres
  Sonja (D:14)
  2 centaur zombies (D:15)
  A centaur skeleton (D:15)
  A hippogriff (D:15)
  A slime creature (D:13)
  A wyvern (D:15)
  A soldier ant (D:11)
  An acid dragon (D:11)
  A water moccasin (D:14)
  A slave (D:5)
  A howler monkey (D:5)
  A crimson imp (D:10)
  An iguana (D:11)
  An adder (D:11)
19 creatures vanquished.

Grand Total: 496 creatures vanquished

Notes
Turn   | Place    | Note
-------+----------+-------------------------------------------
     0 | D:1      | Salt the Minotaur Berserker began the quest for the Orb.
     0 | D:1      | Reached XP level 1. HP: 19/19 MP: 0/0
   122 | D:1      | Reached XP level 2. HP: 23/27 MP: 1/1
   124 | D:1      | Reached skill level 4 in Axes
   438 | D:1      | Reached XP level 3. HP: 33/33 MP: 2/2
   747 | D:2      | Reached ** piety under Trog
   793 | D:2      | Found a stormy altar of Qazlal.
   830 | D:2      | Reached skill level 5 in Axes
   873 | D:2      | Reached XP level 4. HP: 15/41 MP: 3/3
  1554 | D:2      | Noticed a moth of wrath
  1557 | D:2      | Found a bloodstained altar of Trog.
  1570 | D:2      | Reached skill level 6 in Axes
  2042 | D:3      | Reached XP level 5. HP: 47/47 MP: 4/4
  2056 | D:3      | Noticed Terence
  2067 | D:3      | Killed Terence
  2067 | D:3      | Reached *** piety under Trog
  2369 | D:3      | Found a blossoming altar of Fedhas.
  2471 | D:3      | Noticed Natasha
  2480 | D:3      | Killed Natasha
  2480 | D:3      | Reached skill level 7 in Axes
  2537 | D:3      | Noticed Natasha
  2544 | D:3      | Killed Natasha
  2544 | D:3      | Reached XP level 6. HP: 55/55 MP: 5/5
  2593 | D:3      | Noticed Grinder
  2599 | D:3      | Killed Grinder
  2599 | D:3      | Reached skill level 5 in Fighting
  2599 | D:3      | Reached skill level 8 in Axes
  2824 | D:4      | Reached XP level 7. HP: 47/61 MP: 6/6
  2859 | D:4      | Reached skill level 9 in Axes
  3113 | D:4      | Noticed imnir's ghost (novice HOFi)
  3136 | D:4      | Killed imnir's ghost
  3136 | D:4      | Reached skill level 10 in Axes
  3136 | D:4      | Reached XP level 8. HP: 70/70 MP: 7/7
  3519 | D:4      | Found Tush's Armour Boutique.
  3581 | D:5      | Entered Level 5 of the Dungeon
  3643 | D:5      | Found a staircase to the Ecumenical Temple.
  3645 | D:5      | Reached **** piety under Trog
  3675 | D:5      | Noticed Prince Ribbit
  3688 | D:5      | Killed Prince Ribbit
  3688 | D:5      | Reached skill level 11 in Axes
  3749 | D:5      | Noticed Pikel
  3771 | D:5      | Killed Pikel
  3771 | D:5      | Reached skill level 5 in Armour
  3987 | D:5      | Reached skill level 12 in Axes
  4064 | D:5      | Reached XP level 9. HP: 71/78 MP: 8/8
  4121 | D:5      | Noticed Eustachio
  4137 | D:5      | Killed Eustachio
  4512 | D:5      | Found a sacrificial altar of Ru.
  5032 | D:6      | Noticed Blork the orc
  5040 | D:6      | Killed Blork the orc
  5205 | D:6      | Found a hide-covered altar of Uskayaw.
  5588 | D:6      | Reached skill level 13 in Axes
  5730 | D:6      | Found a glowing golden altar of the Shining One.
  6257 | D:7      | Noticed Dowan
  6258 | D:7      | Noticed Duvessa
  6267 | D:7      | Killed Duvessa
  6278 | D:7      | Killed Dowan
  6777 | D:7      | Reached ***** piety under Trog
  6925 | D:7      | Found Ynupas's Gadget Shoppe.
  7207 | D:7      | Found a deep blue altar of Sif Muna.
  7432 | D:8      | Reached XP level 10. HP: 88/88 MP: 9/9
  7704 | D:8      | Reached skill level 14 in Axes
  8159 | D:8      | Found a staircase to the Lair.
  8219 | D:8      | Got a crude flail
  8220 | D:8      | Identified the +7 flail of Eternal War {elec, MP+9 Str+2} (You found it on level 8 of the Dungeon)
  8667 | D:9      | Found Sotzasi's Antique Weapon Boutique.
  8688 | D:9      | Reached skill level 1 in Maces & Flails
  8729 | D:9      | Bought an ancient hand axe for 184 gold pieces
  8729 | D:9      | Identified the +7 hand axe of the Toadstool {freeze, *Contam rF++ MR+ Int+3} (You bought it in a shop on level 9 of the Dungeon)
  8782 | D:9      | Received a gift from Trog
  8786 | D:9      | Reached skill level 15 in Axes
  8893 | D:9      | Noticed Erolcha
  8900 | D:9      | Killed Erolcha
  9308 | D:9      | Noticed a two-headed ogre
  9314 | D:9      | Killed a two-headed ogre
  9314 | D:9      | Reached XP level 11. HP: 65/97 MP: 10/10
  9907 | D:10     | Entered Level 10 of the Dungeon
  9959 | D:10     | Reached skill level 10 in Armour
  9964 | D:10     | Noticed a catoblepas
  9990 | D:10     | Killed a catoblepas
 10575 | D:10     | Reached skill level 10 in Fighting
 11062 | D:10     | Reached skill level 16 in Axes
 11608 | D:11     | Noticed a red ugly thing
 11621 | D:11     | Killed a red ugly thing
 11678 | D:11     | Gained mutation: Your flesh is cold resistant. (rC+) [mutagenic glow]
 11885 | D:11     | Noticed a two-headed ogre
 11890 | D:11     | Killed a two-headed ogre
 12436 | D:11     | Reached XP level 12. HP: 93/108 MP: 11/11
 12583 | D:12     | Received a gift from Trog
 12621 | D:12     | Noticed Nergalle
 12639 | D:12     | Killed Nergalle
 12888 | D:12     | Found Nixasouk's General Store.
 12952 | D:12     | Found a staircase to the Orcish Mines.
 12968 | D:12     | Found a portal to a secret trove of treasure.
 13098 | D:12     | Reached skill level 17 in Axes
 13430 | D:13     | Found a gate to the Vaults.
 13559 | D:13     | Noticed a two-headed ogre
 13560 | D:13     | Killed a two-headed ogre
 13936 | D:13     | Received a gift from Trog
 13974 | D:13     | Gained mutation: Your magical capacity is low. (-10% MP) [mutagenic glow]
 14493 | D:14     | Noticed a centaur warrior
 14499 | D:14     | Killed a centaur warrior
 14544 | D:14     | Reached XP level 13. HP: 91/119 MP: 3/10
 14771 | D:14     | Reached skill level 18 in Axes
 14959 | D:14     | Noticed Sonja
 14965 | D:14     | Killed Sonja
 15208 | D:14     | Noticed Rupert
 15219 | D:14     | Killed Rupert
 15220 | D:14     | Found a shattered altar of Ashenzari.
 15534 | D:15     | Entered Level 15 of the Dungeon
 15602 | D:15     | Gained mutation: You have sharp toenails. [mutagenic glow]
 15675 | D:15     | Reached skill level 5 in Maces & Flails
 15756 | D:15     | Noticed an ettin
 15779 | D:15     | Killed an ettin
 16571 | D:15     | Gained mutation: Armour fits poorly on your strangely shaped body. [mutagenic glow]
 16672 | D:15     | Received a gift from Trog
 16748 | D:15     | Found a staircase to the Depths.
 16786 | D:15     | Gained mutation: You are dopey. (Int -2) [mutagenic glow]
 16788 | D:15     | HP: 5/122 [manticore (6)]
 16789 | D:15     | Slain by a hippogriff

Skill      XL: |  1  2  3  4  5  6  7  8  9 10 11 12 13 |
---------------+----------------------------------------+-----
Axes           | 4 5 6 7 8 10 12 13 15 16 17 18 | 18.8
Fighting       | 4 5 6 7 9 10 12 13 | 13.1
Armour         | 3 4 5 7 9 11 13 | 13.9
Maces & Flails | 2 3 7 |  7.4
Dodging        | |  2.4
Unarmed Combat | |  0.4

Action                   |  1- 3 |  4- 6 |  7- 9 | 10-12 | 13-15 || total
-------------------------+-------+-------+-------+-------+-------++-------
Melee: Hand axe          |    65 |   119 |   346 |   613 |    27 ||  1170
       Headbutt          |    10 |    20 |    73 |   143 |    26 ||   272
       Unarmed           |       |       |     7 |       |       ||     7
       Flail             |       |       |       |    12 |       ||    12
       Great mace        |       |       |       |     9 |    68 ||    77
       Battleaxe         |       |       |       |    39 |    36 ||    75
       Punch             |       |       |       |     1 |       ||     1
       Kick              |       |       |       |       |    28 ||    28
Invok: Berserk           |     1 |     3 |     1 |     8 |     3 ||    16
       Brothers in Arms  |       |       |     1 |     4 |     5 ||    10
       Burn Spellbooks   |       |       |     1 |     2 |       ||     3
  Use: Scroll            |       |       |       |    15 |     1 ||    16
 Stab: Sleeping          |     1 |       |       |       |       ||     1
  Eat: Chunk             |       |    10 |    11 |    35 |     8 ||    64
       Ration            |       |       |     1 |       |     1 ||     2
Armor: Animal skin       |    18 |     7 |       |       |       ||    25
       Chain mail        |       |    27 |    91 |   239 |   105 ||   462
       Skin              |       |       |     1 |       |       ||     1
Dodge: Dodged            |    47 |    66 |   116 |   193 |    69 ||   491
       Deflected         |       |       |       |    17 |     3 ||    20
